 Dungeon Crawl Stone Soup version 0.31-a0-188-g5e087ee2ca (webtiles) character file.

Game seed: 8582953435123329615

4 qw the Shooter (level 1, -2/12 HPs)
             Began as a Deep Elf Hunter on June 23, 2023.
             Killed from afar by a dart slug (4 damage)
             ... with a slug dart
             ... on level 1 of the Dungeon.
             The game lasted 00:00:01 (32 turns).

qw the Shooter (Deep Elf Hunter)                      Turns: 32, Time: 00:00:02

Health: -2/12      AC:  3    Str:  8    XL:     1   Next: 58%
Magic:  3/3        EV: 12    Int: 13    God:
Gold:   0          SH:  0    Dex: 18    Spells: 0/0 levels left

rFire   . . .        a - +0 shortbow
rCold   . . .        (shield currently unavailable)
rNeg    . . .        c - +0 leather armour
rPois   .            (no helmet)
rElec   .            (no cloak)
rCorr   .            (no gloves)
SInv    .            (no boots)
Will    .....        (no amulet)
Stlth   ++           (no ring)
HPRegen 0.22/turn    (no ring)
MPRegen 0.08/turn

%: no passive effects
@: no status effects
A: no striking features
a: no special abilities


You were on level 1 of the Dungeon.
You visited 1 branch of the dungeon, and saw 1 of its levels.


   Skills:
 - Level 1.5 Fighting
 + Level 5.7 Ranged Weapons
 - Level 2.4 Dodging
 - Level 1.2 Stealth


You couldn't memorise any spells.
You didn't know any spells.
Your spell library was empty.

Inventory:

Hand Weapons
 a - a +0 shortbow (weapon)
Armour
 c - a +0 leather armour (worn)
Scrolls
 b - a scroll of butterflies

Dungeon Overview and Level Annotations

Branches:
Dungeon (1/15)

Altars:


Message History

A quokka comes into view.
You shoot an arrow. The arrow hits the quokka.
The quokka is heavily wounded.
You shoot an arrow. The arrow hits the quokka.
You kill the quokka!
A ball python and a rat come into view.
You shoot an arrow. The arrow hits the ball python.
You kill the ball python!
You shoot an arrow. The arrow barely misses the rat.
You shoot an arrow. The arrow closely misses the rat.
You shoot an arrow. The arrow hits the rat.
You kill the rat!
Found a spear.
A kobold comes into view. It is wielding a +0 short sword.
Found a scroll labelled VEGEOS MOEHAU.
You shoot an arrow. The arrow hits the kobold.
The kobold shouts!
The kobold is severely wounded.
You hear an angry hiss.
You shoot an arrow. The arrow closely misses the kobold.
A dart slug comes into view.
A hobgoblin comes into view. It is wielding a +0 hand axe.
You shoot an arrow. The arrow hits the kobold.
You kill the kobold!
The dart slug launches a dart at you. The slug dart misses you.
You shoot an arrow. The arrow hits the hobgoblin.
The hobgoblin is heavily wounded.
A quokka comes into view.
You shoot an arrow. The arrow hits the hobgoblin.
The hobgoblin is almost dead.
The hobgoblin hits you with a +0 hand axe!
Ouch! That really hurt!
You shoot an arrow. The arrow hits the hobgoblin!
You kill the hobgoblin!
A frilled lizard comes into view.
You shoot an arrow. The arrow barely misses the quokka.
The dart slug launches a dart at you. The slug dart hits you.
You die...

#<.'~..)#
)...#.##~##.# #
.#l.###~~~### .
...##~~~~7#
#?#..##~~~~~#
#w#..####.### #)..#
#..#
#.##.#..###.#####..
.....r)@..........#
...####.........###
#.#######%... ...#
### #####


You could see a dart slug, a quokka and a frilled lizard.

Vanquished Creatures
  A hobgoblin (D:1)
  A quokka (D:1)
  A ball python (D:1)
  A kobold (D:1)
  A rat (D:1)
5 creatures vanquished.

Notes
Turn   | Place    | Note
-------+----------+-------------------------------------------
     0 | D:1      | qw the Deep Elf Hunter began the quest for the Orb.
     0 | D:1      | Reached XP level 1. HP: 12/12 MP: 3/3
     0 | D:1      | 0 ||| qw: Version: 0.3-a-9-g12657ce
     0 | D:1      | 0 ||| qw: Game counter: 4134
     0 | D:1      | 0 ||| qw: Always use a shield: true
     0 | D:1      | 0 ||| qw: God list: Okawaru
     0 | D:1      | 0 ||| qw: Allow faded altars: false
     0 | D:1      | 0 ||| qw: Do Orc after D:15 true
     0 | D:1      | 0 ||| qw: Do second Lair branch before Depths: true
     0 | D:1      | 0 ||| qw: Lair rune preference: random
     0 | D:1      | 0 ||| qw: Plans: Normal
     0 | D:1      | 0 ||| PLANNING D:1-11
    30 | D:1      | HP: 2/12 [hobgoblin/+0 hand axe (10)]
    32 | D:1      | Killed from afar by a dart slug

Levels and vault maps discovered:
D:1:      sevenhm_arrival_forest_fort_small_4, layout_rooms, serial_shops,
          nicolae_diamond_shop, hellmonk_ecumenical_altar_pennies_from_heaven,
          minmay_small_reverse_x

Action                     || total
---------------------------++-------
   Fire: Shortbow          ||    13
  Dodge: Dodged            ||     1

Table legend:
 A = Non-vault XP
 B = Vault XP
 C = Vault XP percentage of total XP
 D = Non-vault monster count
 E = Vault monster count
 F = Vault count percentage of total count
                 A         B        C        D         E       F
            +---------+---------+-------+---------+---------+-------
      Total |       3 |       4 |  57.1 |       2 |       3 |  60.0
            +---------+---------+-------+---------+---------+-------
        D:1 |       3 |       4 |  57.1 |       2 |       3 |  60.0
            +---------+---------+-------+---------+---------+-------
